 Dungeon Sprint DCSS version 0.27-a0-808-g60bc5d92e6 (webtiles) character file.

Game seed: 2559839826599830351

193 mhtbhm the Cudgeller (level 5, -2/59 HPs)
             Began as a Troll Berserker on Mar 28, 2021.
             Was a Priest of Trog.
             Slain by a spriggan
             ... wielding a +0 short sword
              (10 damage)
             ... in the Dungeon (Sprint IV: "Fedhas' Mad Dash").
             The game lasted 00:01:22 (661 turns).

mhtbhm the Cudgeller (Troll Berserker)               Turns: 661, Time: 00:01:23

Health: -2/59      AC:  4    Str: 26    XL:     5   Next: 43%
Magic:  4/4        EV: 11    Int:  3    God:    Trog [***...]
Gold:   62         SH:  0    Dex:  9    Spells: 4/4 levels left

rFire    . . .     SeeInvis .   a - +0 mace
rCold    + . .     Faith    .   (no shield)
rNeg     . . .     Spirit   .   b - +0 animal skin
rPois    .         Reflect  .   (helmet restricted)
rElec    .         Harm     .   (no cloak)
rCorr    .         Rampage  .   (gloves unavailable)
Will     ++...     NoTele   +   (boots unavailable)
Stlth    +.........             i - amulet of invisibility {+Inv}
HPRegen  2.19/turn              j - ring of protection from cold
MPRegen  0.09/turn              (no ring)

@: berserk cooldown, regenerating, slowed, very slow
A: large, unfitting armour, claws 3, regeneration 1, shaggy fur 1, tough skin 1
a: Renounce Religion, Evoke Invisibility, Berserk, Trog's Hand


You were in the Dungeon.
You worshipped Trog.
Trog was most pleased with you.
You visited 1 branch You collected 62 gold pieces.

Inventory:

Hand Weapons
 a - a +0 mace (weapon)
Armour
 b - a +0 animal skin (worn)
Jewellery
 i - the amulet of invisibility (around neck) {+Inv}
   (You found it in the Dungeon)

   [amulet of nothing]

   It lets you turn invisible.
 j - a ring of protection from cold (left claw)
Scrolls
 h - a scroll of blinking
Potions
 c - a potion of curing
 d - a potion of heal wounds
 e - a potion of haste
 f - 2 potions of magic
 g - a potion of berserk rage


   Skills:
 + Level 5.7 Fighting
 + Level 6.6 Maces & Flails
 + Level 5.4 Dodging
 + Level 1.2 Stealth
 + Level 1.2 Evocations


You had 4 spell levels left.
You didn't know any spells.
Your spell library was empty.

Dungeon Overview and Level Annotations

Branches:
Dungeon (1/1)

Altars:
Cheibriados
Dithmenos
Elyvilon
Gozag
Hepliaklqana
Kikubaaqudgha
Makhleb
Nemelex Xobeh
Okawaru
Qazlal
Ru
Sif Muna
Trog
Uskayaw
Vehumet
Wu Jian
Xom
Yredelemnul
Zin
The Shining One
Beogh
Jiyva
Lugonu


Innate Abilities, Weirdness & Mutations

You are too large for most types of armour.
You have claws for hands.
Your natural rate of healing is unusually fast.
You are covered in fur. (AC +1)
You have tough skin. (AC +1)


Message History

There is an open door here.
You are no longer berserk.
You are exhausted.
You feel yourself slow down.
Unknown command.
Okay, then.
Okay, then.
Unknown command.
Your skin crawls.
You feel strong-willed. The spriggan closely misses you.
The spriggan hits you with a +0 short sword!
* * * LOW HITPOINT WARNING * * *
Unknown command.
You feel much better. The spriggan closely misses you. x2
The spriggan misses you.
Unknown command.
Okay, then.
You aren't carrying any items that you can evoke.
Unknown command.
Non-targeted abil: Berserk
Press: ? - help, Q - select action, (/) - cycle Dir - look around, f - activate
Okay, then.
Press: ? - help, v - describe, . - travel
Here: a spriggan, wielding a +0 short sword, wearing a +0 robe and wearing a +0 buckler (severely wounded)
An open door.
Unknown command.
You closely miss the spriggan.
The spriggan is severely wounded.
The spriggan closely misses you.
The spriggan hits you with a +0 short sword! x2
Unknown command.
Unknown command.
The spriggan blocks your attack.
The spriggan is severely wounded.
The spriggan hits you with a +0 short sword!
* * * LOW HITPOINT WARNING * * *
The spriggan barely misses you.
The spriggan hits you with a +0 short sword!
You die...

#########################
...#.⌠._._._._.⌠i#..'$..#
[).'.._._._._._.@is.#$.$#
...#..._._._._...#..# #+#
#'##.._._._._._..#..#
...#._._._._._.⌠.####
...############### ####


You could see 2 spriggans and a scorpion.

Vanquished Creatures
  A scorpion (D)
  4 oklob saplings (D)
  A river rat (D)
  A rat (D)
7 creatures vanquished.

Vanquished Creatures (others)
  2 fungi (D)
2 creatures vanquished.

Grand Total: 9 creatures vanquished

Notes
Turn   | Place    | Note
-------+----------+-------------------------------------------
     0 | D        | mhtbhm the Troll Berserker began the quest for the Orb.
     0 | D        | Reached XP level 1. HP: 22/22 MP: 0/0
    12 | D        | Reached skill level 3 in Maces & Flails
    12 | D        | Reached XP level 2. HP: 31/31 MP: 1/1
   266 | D        | Noticed an oklob sapling
   267 | D        | Killed an oklob sapling
   267 | D        | Reached ** piety under Trog
   268 | D        | Reached skill level 4 in Maces & Flails
   268 | D        | Reached XP level 3. HP: 39/39 MP: 2/2
   410 | D        | Noticed a scorpion
   411 | D        | Found the amulet of invisibility {+Inv}
   413 | D        | Killed a scorpion
   414 | D        | Reached skill level 5 in Maces & Flails
   414 | D        | Reached XP level 4. HP: 49/49 MP: 3/3
   473 | D        | Reached skill level 5 in Fighting
   542 | D        | Found an opulent altar of Gozag.
   542 | D        | Found a hazy altar of Hepliaklqana.
   542 | D        | Found a burning altar of Makhleb.
   542 | D        | Found a sparkling altar of Nemelex Xobeh.
   542 | D        | Found a snail-covered altar of Cheibriados.
   542 | D        | Found a sacrificial altar of Ru.
   542 | D        | Found a shimmering blue altar of Sif Muna.
   542 | D        | Found a shimmering altar of Xom.
   542 | D        | Found a basalt altar of Yredelemnul.
   543 | D        | Found a viscous altar of Jiyva.
   543 | D        | Found a bloodstained altar of Trog.
   543 | D        | Found an ornate altar of the Wu Jian Council.
   544 | D        | Found an iron altar of Okawaru.
   544 | D        | Found a shadowy altar of Dithmenos.
   544 | D        | Found a glowing silver altar of Zin.
   545 | D        | Found an ancient bone altar of Kikubaaqudgha.
   545 | D        | Found a hide-covered altar of Uskayaw.
   546 | D        | Found a stormy altar of Qazlal.
   546 | D        | Found a white marble altar of Elyvilon.
   546 | D        | Found a glowing golden altar of the Shining One.
   547 | D        | Found a corrupted altar of Lugonu.
   547 | D        | Found a radiant altar of Vehumet.
   554 | D        | Reached skill level 6 in Maces & Flails
   554 | D        | Reached skill level 5 in Dodging
   554 | D        | Reached skill level 1 in Stealth
   554 | D        | Reached XP level 5. HP: 57/57 MP: 1/4
   594 | D        | Reached *** piety under Trog
   595 | D        | Reached skill level 1 in Evocations
   661 | D        | Slain by a spriggan

Illustrated notes

Levels and vault maps discovered:
D:        dungeon_sprint_fedhas [sprint_temple]

Skill      XL: |  1  2  3  4  5 |
---------------+----------------+-----
Fighting       | 3 4 5 |  5.7
Maces & Flails | 3 4 5 6 |  6.6
Dodging        | 3 4 5 |  5.4
Stealth        | 1 |  1.2
Evocations     | 1 |  1.2

Action                   |  1- 3 |  4- 6 || total
-------------------------+-------+-------++-------
Melee: Mace              |     9 |    20 ||    29
Invok: Berserk           |     3 |     3 ||     6
       Trog's Hand       |       |     1 ||     1
 Abil: Evoke Invisibilit |       |     3 ||     3
  Use: Potion            |       |     1 ||     1
 Stab: Invisible         |       |     2 ||     2
Dodge: Dodged            |     1 |    12 ||    13

Table legend: (Time is in decaauts)
 A = Elapsed time spent in this place.
 B = Non-inter-level travel time spent in this place.
 C = Inter-level travel time spent in this place.
 D = Time resting spent in this place.
 E = Time spent auto-exploring this place.
 F = Levels seen in this place.
 G = Mean time per level.
                   A        B        C        D        E       F      G
               +--------+--------+--------+--------+--------+-----+--------+
         Total |    715 |    715 |      0 |    574 |      0 |   1 |  715.0 |
       Dungeon |    715 |    715 |      0 |    574 |      0 |   1 |  715.0 |
               +--------+--------+--------+--------+--------+-----+--------+

Top non-repeatable levels by time:
       D: 715 daAuts
